 Dungeon Crawl Stone Soup version 0.29.1-12-g30fa7ad0bf (webtiles) character file.

Game seed: 2116297511583560186

282 nightchill the Agent of Entropy (level 6, -13/48 HPs)
             Began as a Demonspawn Abyssal Knight on Jan 14, 2023.
             Was a Priest of Lugonu.
             Killed by divine providence
             ... invoked by an orc priest
              (15 damage)
             ... on level 4 of the Dungeon.
             The game lasted 00:06:50 (3615 turns).

nightchill the Agent of Entropy (DsAK)              Turns: 3615, Time: 00:06:51

Health: -13/48     AC: 15    Str: 15    XL:     6   Next: 6%
Magic:  8/10       EV:  6    Int: 16    God:    Lugonu [***...]
Gold:   157        SH:  0    Dex: 13    Spells: 5/5 levels left

rFire   . . .      SeeInvis .   a - +1 hand axe
rCold   . . .      Faith    .   (no shield)
rNeg    . . .      Spirit   .   t - +0 chain mail
rPois   .          Reflect  .   l - +0 helmet
rElec   .          Harm     .   r - +1 cloak
rCorr   .          Rampage  .   (no gloves)
Will    .....                   (no boots)
Stlth   ..........              (no amulet)
HPRegen 0.16/turn               g - ring of flight
MPRegen 0.12/turn               h - +4 ring of protection

@: flying
A: big brain 2, condensation shield
a: Renounce Religion, Depart the Abyss, Bend Space, Banish


You were on level 4 of the Dungeon.
You worshipped Lugonu.
Lugonu was most pleased with you.
You visited 1 branch of the dungeon, and saw 4 of its levels.
You visited the Abyss 1 time.

You collected 157 gold pieces.

Inventory:

Hand Weapons
 a - a +1 hand axe (weapon)
Missiles
 o - a throwing net
Armour
 l - a +0 helmet (worn)
 r - a +1 cloak (worn)
 t - a +0 chain mail (worn)
Jewellery
 g - a ring of flight (left hand)
 h - a +4 ring of protection (right hand)
 s - a ring of fire
Scrolls
 f - 2 scrolls of noise
 k - a scroll of enchant armour {unknown}
 m - a scroll of enchant weapon {unknown}
 n - a scroll of vulnerability {unknown}
 q - 2 scrolls of torment
Potions
 b - a potion of degeneration {unknown}
 c - 2 potions of cancellation
 d - a potion of invisibility {unknown}
 e - 2 potions of attraction {unknown}
 i - 2 potions of curing
 j - a potion of resistance {unknown}
 p - a potion of ambrosia {unknown}


   Skills:
 + Level 4.0 Fighting
 * Level 3.9 Axes
 - Level 1.7 Armour
 - Level 0.8 Dodging
 * Level 5.5 Invocations


You had 5 spell levels left.
You didn't know any spells.
Your spell library contained the following spells:

 Spells                   Type           Power      Damage    Failure   Level
 Poisonous Vapours        Pois/Air       0%         N/A       100%        2
 Corpse Rot               Necr/Pois/Air  0%         N/A       100%        4


Dungeon Overview and Level Annotations

Branches:
Dungeon (4/15)
 Temple: D:4-7

Altars:
Sif Muna
Yredelemnul

Annotations:
D:2 exclusion: downstairs


Innate Abilities, Weirdness & Mutations

You have an extremely huge brain. (Int +4)
A meltable shield of frost defends you. (SH +0)


Message History

* * * LOW HITPOINT WARNING * * *
The orc priest hits you but does no damage.
Your Fighting skill increases to level 4!
You closely miss the orc priest.
The orc priest is heavily wounded.
You closely miss the orc priest.
The orc priest hits you but does no damage. x2
You hit the orc priest.
The orc priest is severely wounded.
You closely miss the orc priest. The orc priest barely misses you.
The orc priest hits you but does no damage.
You hit the orc priest.
The orc priest is almost dead.
You hit the orc priest but do no damage.
The orc priest completely misses you.
The orc priest hits you but does no damage.
You hit the orc priest but do no damage.
The orc priest is almost dead.
You hit the orc priest.
The orc priest hits you but does no damage.
The orc priest completely misses you.
You hit the orc priest.
You kill the orc priest!
Lugonu accepts your kill.
You closely miss the orc priest.
The orc priest hits you but does no damage. x2
You have reached level 6!
Your demonic ancestry asserts itself...
Your brain expands.
You barely miss the orc priest.
The orc priest is moderately wounded.
The orc priest mumbles some strange prayers to Beogh against you.
Pain shoots through your body!
* * * LOW HITPOINT WARNING * * *
Press: ? - help, Shift-Dir - straight line, f - orc priest
Aim: an orc priest, wielding a +0 hand axe (moderately wounded, chance to affect: 83%)
You fail to use your ability.
The orc priest calls down the wrath of Beogh upon you.
Beogh smites you!
You die...

#.####...# #........#
##### #..._....# ....#
####........#### ....#
#..............# )...
....#
#......⌠.......######....#
....#
#....).........##.........
....#
#....†..o......##.########
....#
###...._)@.####.......# #
....# #.....)### #.#.###.#
## .#### ######.#
#†#.###.###. ...# #.#
#.#.....##.. ...# #..
#.#..##....# ...# ##.#
#.#......... ...# oo
#.#....##### ...# ..#
#.#..#. ...# ..# #....#.


You could see an orc priest.

Vanquished Creatures
  2 orc priests
  Natasha (D:4)
  An orc wizard (D:4)
  Robin (D:2)
  2 gnolls (D:3)
  5 adders
  A worm (D:2)
  6 orcs
  7 endoplasms
  3 giant cockroaches (D:2)
  11 goblins
  9 hobgoblins
  4 kobolds
  3 quokkas
  5 ball pythons
  11 bats
  3 frilled lizards
  7 rats
82 creatures vanquished.

Notes
Turn   | Place    | Note
-------+----------+-------------------------------------------
     0 | Abyss:1  | nightchill the Demonspawn Abyssal Knight began the quest
                  | for the Orb.
     0 | Abyss:1  | Reached XP level 1. HP: 18/18 MP: 2/2
     1 | D:1      | Escaped the Abyss
   141 | D:1      | Gained mutation: You have an unusually large brain. (Int
                  | +2) [demonic ancestry]
   141 | D:1      | Reached XP level 2. HP: 6/24 MP: 4/4
   530 | D:1      | Reached skill level 3 in Invocations
   860 | D:2      | Gained mutation: A meltable shield of frost defends you.
                  | (SH +0) [demonic ancestry]
   860 | D:2      | Reached XP level 3. HP: 19/29 MP: 5/5
   901 | D:2      | Reached *** piety under Lugonu
  1128 | D:2      | Found a faded altar of an unknown god.
  1328 | D:2      | Noticed Robin
  1445 | D:2      | Reached skill level 4 in Invocations
  1445 | D:2      | Reached XP level 4. HP: 35/35 MP: 5/7
  1453 | D:2      | Killed Robin
  2136 | D:3      | You are sucked into a shaft and drop 1 floor!
  2160 | D:4      | Reached XP level 5. HP: 39/42 MP: 8/8
  2770 | D:3      | HP: 2/42 [gnoll/+0 spear (5)]
  3278 | D:4      | Reached skill level 5 in Invocations
  3334 | D:4      | Noticed Natasha
  3349 | D:4      | Killed Natasha
  3576 | D:4      | Found a shimmering blue altar of Sif Muna.
  3576 | D:4      | Found a basalt altar of Yredelemnul.
  3614 | D:4      | Gained mutation: You have an extremely huge brain. (Int +4)
                  | [demonic ancestry]
  3614 | D:4      | Reached XP level 6. HP: 15/48 MP: 8/10
  3614 | D:4      | HP: 2/48 [orc priest/nerve-wracking pain (14)]
  3615 | D:4      | Killed from afar by an orc priest

Illustrated notes

Levels and vault maps discovered:
D:1:      matt_arrival_refuge, layout_basic, minmay_tromino_i4
D:2:      layout_rooms, hellmonk_ecumenical_altar_leap_of_faith,
          minmay_misc_feat_room, uniq_robin
D:3:      layout_rooms, kennysheep_generic_room_5
D:4:      layout_basic, grunt_temple_overflow_open,
          gammafunk_temple_overflow_elements, nicolae_zen_rock_garden,
          uniq_natasha

Skill      XL: |  1  2  3  4  5 |
---------------+----------------+-----
Axes           | 2 3 |  3.9
Invocations    | 3 4 5 |  5.5
Fighting       | 4 |  4.0
Armour         | |  1.7
Dodging        | |  0.8

Action                   |  1- 3 |  4- 6 || total
-------------------------+-------+-------++-------
Melee: Hand axe          |   129 |   145 ||   274
Invok: Banish            |       |     1 ||     1
  Use: Scroll            |       |     4 ||     4
       Potion            |       |     1 ||     1
Armor: Leather armour    |    25 |       ||    25
       Ring mail         |    68 |    48 ||   116
       Chain mail        |       |    47 ||    47
Dodge: Dodged            |    88 |    85 ||   173
Block: Other             |    22 |    31 ||    53
